 Dungeon Crawl Stone Soup version 0.29-a0-410-g9596d59a08 (webtiles) character file.

Game seed: 9577437289556502724

215 KhasaRR the Covered (level 5, -6/32 HPs)
             Began as a Gargoyle Fighter on May 14, 2022.
             Mangled by Duvessa
             ... wielding a +0 short sword
              (9 damage)
             ... on level 4 of the Dungeon.
             The game lasted 00:10:34 (2226 turns).

KhasaRR the Covered (Gargoyle Fighter)              Turns: 2226, Time: 00:10:35

Health: -6/32      AC: 13    Str: 22    XL:     5   Next: 92%
Magic:  5/5        EV:  7    Int:  8    God:
Gold:   98         SH:  4    Dex:  9    Spells: 4/4 levels left

rFire   . . .      SeeInvis .   a - +0 flail (chaos)
rCold   . . .      Faith    .   c - +0 buckler
rNeg    + . .      Spirit   .   f - +0 chain mail
rPois   ∞          Reflect  .   (no helmet)
rElec   +          Harm     .   (no cloak)
rCorr   .          Rampage  .   (no gloves)
Will    .....                   (no boots)
Stlth   ..........              (no amulet)
HPRegen 0.10/turn               (no ring)
MPRegen 0.09/turn               (no ring)

@: mighty
A: sickness immunity, AC +4, negative energy resistance 1, electricity
resistance, torment resistance 1, petrification resistance
a: no special abilities


You were on level 4 of the Dungeon.
You visited 1 branch of the dungeon, and saw 4 of its levels.

You collected 98 gold pieces.

Inventory:

Hand Weapons
 a - a +0 flail of chaos (weapon)
Armour
 b - a +0 scale mail
 c - a +0 buckler (worn)
 f - a +0 chain mail (worn)
Jewellery
 n - a ring of protection from fire
Scrolls
 g - 2 scrolls of immolation {unknown}
 h - a scroll of teleportation {unknown}
 m - a scroll of identify
Potions
 e - 2 potions of ambrosia {unknown}
 i - a potion of magic {unknown}
 j - a potion of cancellation {unknown}
 k - a potion of invisibility {unknown}
 l - a potion of resistance {unknown}
 p - a potion of lignification {unknown}


   Skills:
 + Level 3.6 Fighting
 * Level 4.3 Maces & Flails
 + Level 4.8 Armour
 + Level 0.3 Dodging
 + Level 3.8 Shields


You had 4 spell levels left.
You didn't know any spells.
Your spell library contained the following spells:

 Spells                   Type           Power      Damage    Failure   Level
 Ensorcelled Hibernation  Hex/Ice        0%         N/A       100%        2
 Spider Form              Tmut/Pois      0%         N/A       100%        3
 Anguish                  Hex/Necr       0%         N/A       100%        4
 Summon Forest            Summ/Tloc      0%         N/A       100%        5
 Eringya's Noxious Bog    Tmut/Pois      0%         N/A       100%        6
 Summon Hydra             Summ           0%         N/A       100%        7


Dungeon Overview and Level Annotations

Branches:
Dungeon (3/15)

Altars:

Annotations:
D:4 Duvessa


Innate Abilities, Weirdness & Mutations

You are immune to sickness and miasma.
Your stone body is resilient. (AC +4)
You are immune to poison.
You resist negative energy. (rN+)
You are resistant to electric shocks. (rElec)
You are resistant to unholy torment.
You are immune to petrification.


Message History

The adder is moderately wounded.
The adder bites you but does no damage. You block the adder's attack.
Dowan says, "Stay away from my face!"
You sock the adder! You burn the adder.
You kill the adder!
The orc wizard casts a spell.
The orc wizard flickers and vanishes!
Deactivating autopickup; reactivate with Ctrl-A.
Dowan gestures wildly while chanting.
Dowan blinks!
Your Maces & Flails skill increases to level 4!
You sock the orc!
You kill the orc!
A magic dart appears from out of thin air!
The magic dart hits you.
You feel very mighty all of a sudden.
Dowan mumbles some strange words.
Dowan blinks!
Duvessa hits you but does no damage.
You barely miss Duvessa. You block Duvessa's attack.
You hit Duvessa.
Duvessa suddenly stops moving!
Duvessa is lightly wounded.
Dowan casts a spell at you. The puff of flame hits you.
Dowan casts a spell at you. The puff of frost hits you.
You feel better.
Dowan hits you with a +3 dagger of holy wrath.
You barely miss Dowan.
An orc comes into view. It is wielding a +0 club.
Dowan hits you but does no damage.
You closely miss Dowan.
Duvessa is no longer paralysed.
Dowan hits you but does no damage. Duvessa closely misses you.
You sock Dowan! Lightning courses through Dowan!!
You kill Dowan!
Duvessa screams in rage.
Duvessa goes berserk!
Duvessa hits you but does no damage. Duvessa hits you with a +0 short sword!
* * * LOW HITPOINT WARNING * * *
Duvessa attacks as you move away! Duvessa hits you with a +0 short sword!
You die...

## . #.# #.
...# #. #..#
#.. #..###
#..# #....
#..)##S.#
#@#..#
##e..#
##o.###
#....####.
##.##......
##...†......
#..§.######
#...#.#.#
#####<#.####


You could see Duvessa (berserk) and an orc.

Vanquished Creatures
  Dowan (D:4)
  An orc wizard (D:3)
  Natasha (twice) (D:2)
  4 adders
  A dart slug (D:1)
  4 orcs
  6 ball pythons
  4 bats (D:1)
  3 endoplasms
  6 giant cockroaches
  3 goblins
  6 hobgoblins
  4 kobolds (D:1)
  2 quokkas
  2 frilled lizards
  3 rats
52 creatures vanquished.

Notes
Turn   | Place    | Note
-------+----------+-------------------------------------------
     0 | D:1      | KhasaRR the Gargoyle Fighter began the quest for the Orb.
     0 | D:1      | Reached XP level 1. HP: 14/14 MP: 1/1
   170 | D:1      | Reached XP level 2. HP: 19/19 MP: 2/2
   497 | D:1      | Reached XP level 3. HP: 23/23 MP: 3/3
  1224 | D:2      | Noticed Natasha
  1235 | D:2      | Killed Natasha
  1236 | D:2      | Reached XP level 4. HP: 28/28 MP: 4/4
  1658 | D:2      | Noticed Natasha
  1674 | D:2      | Killed Natasha
  1922 | D:3      | Reached XP level 5. HP: 29/32 MP: 5/5
  2151 | D:3      | You fall into a shaft and drop 1 floor!
  2188 | D:4      | Noticed Duvessa
  2188 | D:4      | Noticed Dowan
  2225 | D:4      | Killed Dowan
  2226 | D:4      | Mangled by Duvessa

Illustrated notes

Levels and vault maps discovered:
D:1:      giann_horns, layout_basic
D:2:      layout_basic, uniq_natasha
D:3:      layout_loops_corners, uniq_grinder
D:4:      layout_loops_ring, overflow_temple_1_default,
          regret_index_temple_of_mockery, minmay_temple_entry_waves,
          uniq_duvessa

Skill      XL: |  1  2  3  4  5 |
---------------+----------------+-----
Maces & Flails | 3 4 |  4.3
Armour         | 4 |  4.8
Fighting       | |  3.6
Dodging        | |  0.3
Shields        | |  3.8

Action                   |  1- 3 |  4- 6 || total
-------------------------+-------+-------++-------
Melee: Flail             |   103 |    85 ||   188
  Use: Scroll            |     5 |       ||     5
       Potion            |     1 |     3 ||     4
Armor: Scale mail        |    45 |       ||    45
       Chain mail        |    24 |    54 ||    78
Dodge: Dodged            |    46 |    19 ||    65
Block: Buckler           |    27 |    19 ||    46

Table legend: (Time is in decaauts)
 A = Elapsed time spent in this place.
 B = Non-inter-level travel time spent in this place.
 C = Inter-level travel time spent in this place.
 D = Time resting spent in this place.
 E = Time spent auto-exploring this place.
 F = Levels seen in this place.
 G = Mean time per level.
                   A        B        C        D        E       F      G
               +--------+--------+--------+--------+--------+-----+--------+
         Total |   2278 |   2245 |     33 |      0 |   1754 |   4 |  569.5 |
       Dungeon |   2278 |   2245 |     33 |      0 |   1754 |   4 |  569.5 |
               +--------+--------+--------+--------+--------+-----+--------+

Top non-repeatable levels by time:
     D:2: 1179 daAuts
     D:1: 764 daAuts
     D:3: 253 daAuts
     D:4: 80 daAuts
